 Dungeon Crawl Stone Soup version 0.19-b1-5-gdc9fa9d (webtiles) character file.

12469 Chiseanne the Blocker (level 11, -13/103 HPs)
             Began as a Minotaur Fighter on Oct 31, 2016.
             Was a Priest of Makhleb.
             Killed from afar by a tengu reaver (41 damage)
             ... with a bolt of poison
             ... on level 12 of the Dungeon.
             The game lasted 00:31:52 (10281 turns).

Chiseanne the Blocker (Minotaur Fighter)           Turns: 10281, Time: 00:31:53

Health: -13/103    AC: 10    Str: 28    XL:     11   Next: 62%
Magic:  19/19      EV: 12    Int: 12    God:    Makhleb [***...]
Gold:   446        SH: 16    Dex: 10    Spells: 0 memorised, 10 levels left

rFire  . . .     SeeInvis .     s - +9 mace of the Ring {speed, MP+9 Str+8 Dex-4 Stlth+}
rCold  + + .     Gourm    .     y - +0 ring mail "Qushy" {-Cast rC++ Int+7}
rNeg   + . .     Faith    .     c - +3 shield
rPois  .         Spirit   .     (helmet restricted)
rElec  .         Reflect  .     (no cloak)
rCorr  +         Harm     .     x - +0 pair of gloves
MR     .....     NoCast   +     (no boots)
Stlth  +.........               (no amulet)
                                D - ring of positive energy
                                r - ring of resist corrosion

@: lethally poisoned (-13 -> -42), drained
A: retaliatory headbutt, beak, horns 2, slimy green scales 1, wild magic 2
a: Minor Destruction, Lesser Servant of Makhleb, Renounce Religion


You were on level 12 of the Dungeon.
You worshipped Makhleb.
Makhleb was most pleased with you.
You were hungry.

You visited 2 branches of the dungeon, and saw 13 of its levels.
You also visited: Sewer.

You collected 446 gold pieces.

Inventory:

Hand Weapons
 a - a +3 war axe
 s - the +9 mace of the Ring (weapon) {speed, MP+9 Str+8 Dex-4 Stlth+}
   (You took it off an orc on level 7 of the Dungeon)

   Attacks with this weapon are significantly faster.
   It affects your strength (+8).
   It affects your dexterity (-4).
   It affects your magic capacity (+9).
   It makes you more stealthy.
Missiles
 b - 4 needles of paralysis
 e - 11 tomahawks
 g - 367 stones
 i - 2 throwing nets
 k - 113 bolts
 p - 7 javelins (quivered)
 t - 38 sling bullets
 F - 4 poisoned tomahawks
 H - 14 poisoned needles
 L - 6 curare-tipped needles
Armour
 c - a +3 shield (worn)
 x - a +0 pair of gloves (worn)
 y - the +0 ring mail "Qushy" (worn) {-Cast rC++ Int+7}
   (You found it on level 8 of the Dungeon)

   It affects your intelligence (+7).
   It greatly protects you from cold.
   It prevents spellcasting.
Jewellery
 r - a ring of resist corrosion (left hand)
 D - a ring of positive energy (right hand)
Wands
 B - a wand of digging (5/24)
 M - a wand of slowing (14/48)
Scrolls
 h - 5 scrolls of amnesia
 u - a scroll of recharging
 v - 7 scrolls of teleportation
 w - 5 scrolls of identify
 E - 7 scrolls of remove curse
 G - 2 scrolls of fog
Potions
 l - a potion of flight
 m - 5 potions of curing
 z - 2 potions of brilliance
 C - a potion of heal wounds
 I - a potion of haste
 K - 2 potions of agility
Books
 O - a book of Minor Magic

   Spells                             Type                      Level
   a - Magic Dart                     Conjuration                  1
   b - Blink                          Translocation                2
   c - Call Imp                       Summoning                    2
   d - Repel Missiles                 Charms/Air                   2
   e - Slow                           Hexes                        2
   f - Conjure Flame                  Conjuration/Fire             3
   g - Mephitic Cloud                 Conjuration/Poison/Air       3
 P - a book of Geomancy

   Spells                             Type                      Level
   a - Sandblast                      Earth                        1
   b - Passwall                       Transmutation/Earth          2
   c - Stone Arrow                    Conjuration/Earth            3
   d - Petrify                        Transmutation/Earth          4
   e - Lee's Rapid Deconstruction     Earth                        5
 Q - a book of Frost

   Spells                             Type                      Level
   a - Freeze                         Ice                          1
   b - Throw Frost                    Conjuration/Ice              2
   c - Ozocubu's Armour               Charms/Ice                   3
   d - Throw Icicle                   Conjuration/Ice              4
   e - Summon Ice Beast               Ice/Summoning                4
Miscellaneous
 q - a fan of gales (inert)
 N - a sack of spiders
 R - a phial of floods
Comestibles
 d - a beef jerky
 f - 10 bread rations
 j - 10 meat rations
 n - 7 fruits
 o - a chunk of flesh
 A - 2 royal jellies
 J - 2 slices of pizza


   Skills:
 * Level 11.6(10.9) Fighting
 * Level 11.4(10.6) Axes
 - Level 10.0(9.3) Armour
 * Level 5.5(4.9) Dodging
 * Level 11.6(10.8) Shields


You had 10 spell levels left.
You didn't know any spells.

Dungeon Overview and Level Annotations

Branches:
Dungeon (12/15)            Temple (1/1) D:7            Lair (0/6) D:9
    Orc (0/2) D:10

Altars:
Ashenzari
Cheibriados
Dithmenos
Elyvilon
Fedhas
Gozag
Hepliaklqana
Makhleb
Nemelex Xobeh
Okawaru
Qazlal
Ru
Sif Muna
Xom
Yredelemnul
Zin
The Shining One

Shops:
D:8 [


Innate Abilities, Weirdness & Mutations

You reflexively headbutt those who attack you in melee.
You have a pair of horns on your head.
You have a beak for a mouth.
You are partially covered in slimy green scales. (AC +2)
Your spells are harder to cast, but more powerful.


Message History

You hear the quick crackling of a distant melting archway.
You hear the steady creaking of a very distant portcullis.
You feel sick.
The tengu reaver hits you with a polished war axe {drain}!!
You partially resist.
You feel drained. You block the tengu reaver's attack.
The tengu reaver claws you.
Your shield and ring mail "Qushy" prevent you from hitting the tengu reaver.
Your headbutt misses the tengu reaver.
The tengu reaver is almost dead.
You feel sick.
The tengu reaver hits you with a polished war axe {drain}.
* * * LOW HITPOINT WARNING * * *
You partially resist.
You feel drained. You block the tengu reaver's attack. x2
You hit the tengu reaver. Your headbutt misses the tengu reaver.
The tengu reaver is almost dead.
You feel sick.
The tengu reaver points at you and mumbles some strange words.
The bolt of poison hits you!
You are lethally poisoned!
You die...

#.#................÷........
#.#.###..###################
#...#..###.......#...#...#..
#...### #....#..##..##..##.
#.#.# #....)##..##..##..#
#.#.# #......#..)#...#...
#.#.# ##..###############
#.#.# ###.# #.# #$... #...#
##@.## #.##.?.. #...# #Q###
#C#..§. #.#.# ##.§# #/..§.
#.#.# #.§§§§.... ##.)#.
#.#.# #.§§§§§.y. #.#.. #^#.#
#...§..§§. ##..§ #^#.#
#.(...)?Q. #.C§# #.#.#
#####..... #..#§ #.#.# ....#
#.#..


You could see a tengu reaver.

Vanquished Creatures
  Fannar (D:11)
  A hydra (D:12)
  Erolcha (D:9)
  A hill giant (D:10)
  An ugly thing (D:11)
  A gargoyle (D:11)
  A centaur skeleton (D:11)
  A yaktaur (D:12)
  A troll (D:10)
  A slime creature (D:11)
  6 hippogriffs
  Sigmund (D:2)
  13 yaks
  A wraith (D:11)
  A hungry ghost (D:11)
  A mottled dragon (D:11)
  2 ice beasts
  3 sky beasts
  An eye of draining (D:10)
  3 phantoms
  A black bear (D:8)
  10 ogres
  5 centaurs
  A crocodile (D:10)
  2 big kobolds
  6 bullfrogs
  A gnoll sergeant (D:5)
  A water moccasin zombie (D:10)
  7 scorpions
  3 wights (D:7)
  4 howler monkeys
  4 crimson imps
  2 bullfrog zombies (D:6)
  4 jellies
  A quasit (D:11)
  3 orc priests
  4 hounds
  10 orc wizards
  3 iguanas
  9 worker ants
  2 hound zombies (D:5)
  A worker ant zombie (D:5)
  Robin (D:2)
  12 gnolls
  8 adders
  5 shadow imps
  3 oozes
  A worm (D:3)
  2 dart slugs (D:1)
  4 leopard geckos
  40 orcs
  4 giant cockroaches
  13 hobgoblins
  10 jackals
  8 quokkas
  3 ball pythons
  4 bats
  3 frilled lizards
  A giant cockroach zombie (D:5)
  14 goblins
  2 jackal skeletons
  17 kobolds
  A leopard gecko zombie (D:7)
  10 rats
292 creatures vanquished.

Notes
Turn   | Place    | Note
-------+----------+-------------------------------------------
     0 | D:1      | Chiseanne the Minotaur Fighter began the quest for the Orb.
     0 | D:1      | Reached XP level 1. HP: 19/19 MP: 0/0
    59 | D:1      | Reached XP level 2. HP: 17/27 MP: 1/1
   650 | D:2      | Reached XP level 3. HP: 26/33 MP: 2/2
   961 | D:2      | Noticed Robin
   974 | D:2      | Killed Robin
  1290 | D:2      | Reached XP level 4. HP: 41/41 MP: 3/3
  1500 | D:2      | Noticed Sigmund
  1513 | D:2      | Gained mutation: You have a beak for a mouth. [potion of mutation]
  1513 | D:2      | Gained mutation: Your spells are a little harder to cast, but a little more powerful. [potion of mutation]
  1513 | D:2      | Gained mutation: You are partially covered in slimy green scales. (AC +2) [potion of mutation]
  1524 | D:2      | Killed Sigmund
  1524 | D:2      | Reached skill level 5 in Fighting
  1524 | D:2      | Reached skill level 5 in Shields
  1524 | D:2      | Reached XP level 5. HP: 27/48 MP: 4/4
  2087 | D:2      | Reached XP level 6. HP: 51/56 MP: 5/5
  2103 | D:3      | Reached skill level 5 in Armour
  2317 | D:3      | Found a glowing drain.
  2326 | Sewer    | Entered a sewer
  2420 | Sewer    | Found a white marble altar of Elyvilon.
  3027 | D:4      | Got a slimy spear
  3149 | D:4      | Reached skill level 5 in Axes
  3149 | D:4      | Reached XP level 7. HP: 60/62 MP: 6/6
  3794 | D:5      | Entered Level 5 of the Dungeon
  4107 | D:5      | Found an opulent altar of Gozag.
  4136 | D:5      | Reached XP level 8. HP: 70/71 MP: 7/7
  4604 | D:6      | Identified the cursed +2 spear "Puhoweeh" {drain, Dex+4 Stlth+} (You found it on level 4 of the Dungeon)
  5517 | D:7      | Reached XP level 9. HP: 73/81 MP: 8/8
  5880 | D:7      | Found a staircase to the Ecumenical Temple.
  5890 | Temple   | Entered the Ecumenical Temple
  6036 | Temple   | Became a worshipper of Makhleb the Destroyer
  6199 | D:7      | Got a steaming mace {speed}
  6250 | D:7      | Identified the +9 mace of the Ring {speed, MP+9 Str+8 Dex-4 Stlth+} (You took it off an orc on level 7 of the Dungeon)
  6563 | D:8      | Got an ichor-stained ring mail
  6579 | D:8      | Identified the +0 ring mail "Qushy" {-Cast rC++ Int+7} (You found it on level 8 of the Dungeon)
  6877 | D:8      | Found Xakhufac's Antique Armour Emporium.
  7482 | D:9      | Reached * piety under Makhleb
  7624 | D:9      | Reached XP level 10. HP: 70/91 MP: 9/9
  7899 | D:9      | Found a staircase to the Lair.
  8211 | D:9      | Noticed Erolcha
  8221 | D:9      | Killed Erolcha
  8406 | D:9      | Reached skill level 10 in Fighting
  8427 | D:9      | Gained mutation: Your spells are harder to cast, but more powerful. [potion of beneficial mutation]
  8472 | D:9      | Reached skill level 10 in Shields
  8760 | D:10     | Entered Level 10 of the Dungeon
  8777 | D:10     | Reached skill level 10 in Armour
  8932 | D:10     | Reached skill level 1 in Dodging
  8937 | D:10     | Reached ** piety under Makhleb
  8944 | D:10     | Reached skill level 10 in Axes
  9076 | D:10     | Noticed a hill giant
  9081 | D:10     | Killed a hill giant
  9088 | D:10     | Found a staircase to the Orcish Mines.
  9277 | D:11     | Noticed a purple ugly thing
  9281 | D:11     | Noticed Fannar
  9308 | D:11     | Killed a purple ugly thing
  9308 | D:11     | Reached XP level 11. HP: 101/101 MP: 10/10
  9331 | D:11     | Killed Fannar
  9908 | D:12     | Reached *** piety under Makhleb
  9965 | D:12     | Noticed an ettin
 10040 | D:12     | Reached skill level 5 in Dodging
 10133 | D:12     | Noticed an eight-headed hydra
 10156 | D:12     | Killed an eight-headed hydra
 10261 | D:12     | Noticed a tengu reaver
 10281 | D:12     | Killed from afar by a tengu reaver

Skill      XL: |  1  2  3  4  5  6  7  8  9 10 11 |
---------------+----------------------------------+-----
Fighting       | 4 5 6 7 9 10 11 | 11.6
Axes           | 3 4 5 7 9 10 11 | 11.4
Shields        | 4 5 6 8 9 10 11 | 11.6
Armour         | 4 5 6 7 9 10 | 10.0
Dodging        | 3 5 |  5.5

Action                   |  1- 3 |  4- 6 |  7- 9 | 10-12 || total
-------------------------+-------+-------+-------+-------++-------
Melee: War axe           |    75 |   115 |   249 |    69 ||   508
       Headbutt          |     8 |    19 |    60 |    60 ||   147
       Peck              |       |    12 |    54 |    53 ||   119
       Mace              |       |       |    46 |   224 ||   270
Throw: Stone             |       |     4 |       |       ||     4
       Javelin           |       |     2 |     3 |     2 ||     7
       Tomahawk          |       |       |     2 |     1 ||     3
Evoke: Wand              |     1 |     1 |       |     9 ||    11
       Sack of spiders   |       |       |       |     3 ||     3
       Fan of gales      |       |       |       |     1 ||     1
  Use: Potion            |       |     9 |       |     5 ||    14
       Scroll            |       |     6 |    12 |     4 ||    22
 Stab: Sleeping          |       |       |       |     1 ||     1
  Eat: Chunk             |     1 |     6 |    15 |     9 ||    31
Armor: Scale mail        |    32 |     9 |       |       ||    41
       Chain mail        |       |    40 |   109 |       ||   149
       Ring mail         |       |       |    35 |    45 ||    80
Dodge: Dodged            |    22 |    25 |    66 |    62 ||   175
Block: Shield            |    44 |    55 |   200 |   182 ||   481
